Map: Ascensão para Aiur LE

Players

TheZergLord - Winner!

  • Race: Zerg Zerg
  • League: Grandmaster
  • Spawn Location: 11:00

DakkoN

  • Race: Zerg Zerg
  • League: Master
  • Spawn Location: 5:00

VOD

Have the link to the VOD?

Description

Time

  • Played on: Nov. 6, 2017, 10:01 a.m.
  • Length: 15:52
Show
View Real Time Build Order
Export as new Build Order

TheZergLord Zerg - Winner!

Build Orders: Pool First 

Get SALT Encoding   

  12  0:00  Drone  
  13  0:13  Overlord  
  13  0:17  Drone  
  14  0:34  Drone x2  
  14  0:35  Drone  
  17  0:47  Extractor  
  17  0:49  Drone  
  17  0:50  Spawning Pool  
  17  0:56  Drone  
  17  1:08  Drone  
  18  1:18  Hatchery  
  17  1:37  Zergling x4, Queen  
  21  1:44  Overlord  
  21  1:51  Metabolic Boost  
  21  2:04  Zergling x2  
  22  2:09  Baneling Nest  
  22  2:13  Queen  
  23  2:17  Zergling x2  
  23  2:22  Zergling x2  
  25  2:30  Zergling x2  
  25  2:35  Zergling x2  
  27  2:42  Zergling x2  
  28  2:46  Zergling x6  
  28  2:47  Zergling x2  
  32  2:53  Baneling x3  
  32  2:54  Baneling  
  32  3:01  Drone  
  32  3:05  Overlord  
  33  3:08  Drone  
  35  3:12  Zergling x2  
  31  3:42  Overlord  
  29  3:50  Overlord  
  29  3:51  Drone x6  
  35  3:56  Baneling  
  35  3:59  Drone  
  35  4:01  Drone  
  35  4:16  Baneling x2  
  33  4:17  Zergling x2  
  33  4:18  Zergling x2  
  35  4:27  Zergling x6  
  35  4:28  Zergling x10  
  43  4:44  Hatchery  
  39  5:00  Overlord  
  39  5:01  Drone x3  
  39  5:02  Drone x5  
  47  5:07  Baneling x4  
  47  5:16  Roach Warren  
  47  5:17  Zergling x2  
  47  5:18  Zergling x2  
  41  5:40  Drone x7  
  41  5:41  Drone  
  49  5:43  Extractor x2  
  49  5:46  Lair  
  47  5:50  Evolution Chamber  
  47  5:53  Drone  
  47  5:54  Drone x4  
  51  5:58  Queen  
  51  6:01  Roach  
  51  6:03  Roach  
  56  6:13  Drone  
  56  6:16  Zerg Missile Weapons Level 1  
  57  6:20  Roach x2  
  57  6:21  Drone  
  57  6:22  Spore Crawler  
  57  6:24  Drone, Spore Crawler  
  61  6:27  Drone x2  
  61  6:28  Drone  
  61  6:32  Drone x2  
  66  6:45  Queen  
  65  6:48  Drone  
  65  6:49  Drone x6  
  65  6:50  Drone  
  73  6:56  Glial Reconstitution  
  73  7:00  Overseer  
  73  7:04  Overlord x2  
  73  7:05  Overlord  
  73  7:20  Extractor x2  
  73  7:22  Spore Crawler  
  70  7:23  Drone, Spore Crawler  
  70  7:24  Drone  
  70  7:26  Drone x2  
  70  7:27  Drone x6  
  79  7:30  Hydralisk Den  
  79  7:33  Roach x4  
  86  7:47  Overlord x2  
  86  7:48  Overlord  
  86  7:53  Overlord  
  86  8:02  Muscular Augments  
  85  8:16  Hydralisk  
  85  8:17  Hydralisk x10  
  103  8:32  Hydralisk  
  105  8:35  Queen  
  105  8:40  Zerg Missile Weapons Level 2  
  105  8:45  Overlord x5  
  105  8:52  Extractor  
  104  8:59  Overlord x3  
  104  9:02  Drone  
  107  9:10  Roach x6  
  107  9:12  Hatchery  
  107  9:13  Lurker Den  
  116  9:18  Drone x3  
  116  9:19  Drone  
  116  9:23  Extractor  
  120  9:24  Drone x3  
  120  9:33  Roach x4  
  128  9:41  Roach  
  128  9:42  Roach x3  
  136  9:52  Roach x4  
  144  9:53  Roach x2  
  148  10:11  Overseer x2  
  148  10:13  Infestation Pit  
  145  10:26  Overlord  
  145  10:28  Hydralisk x11  
  165  10:37  Queen  
  165  10:39  Drone x5  
  170  10:48  Overlord  
  170  10:49  Roach x3  
  176  10:57  Roach x3  
  176  10:58  Roach  
  184  11:10  Hive  
  174  11:27  Roach x9  
  174  11:49  Roach  
  174  11:50  Roach x12  
  174  11:51  Roach  
  174  11:53  Zerg Ground Armor Level 1  
  187  12:14  Hatchery  
  186  12:24  Viper  
  186  12:26  Overlord x3  
  187  12:32  Pneumatized Carapace  
  165  12:59  Viper x2  
  141  13:18  Hydralisk  
  141  13:19  Hydralisk x12  
  151  13:20  Roach x8  
  127  13:39  Hydralisk x5  
  127  13:40  Hydralisk  
  139  13:43  Overseer x2  
  139  13:44  Overseer  
  139  13:48  Spore Crawler  
  139  13:49  Roach x4, Spine Crawler  
  146  14:02  Roach x6  
  158  14:03  Roach x2  
  150  14:21  Roach x4  
  150  14:22  Roach x5  
  154  14:42  Roach x5  
  154  14:43  Roach x6  
  172  14:54  Hydralisk  
  172  14:55  Hydralisk x3  
  180  15:02  Roach x2  
  180  15:04  Hatchery  
  179  15:16  Roach x4  
  179  15:17  Roach x2  
  181  15:24  Roach x3  
  181  15:25  Roach x2  
  185  15:30  Roach x3  
  185  15:32  Roach x2  
  185  15:33  Roach x2  
  197  15:47  Hatchery  
Show
View Real Time Build Order
Export as new Build Order

DakkoN Zerg 

Build Orders: Hatch First, Lurkers 

Get SALT Encoding   

  12  0:00  Drone  
  13  0:12  Overlord  
  13  0:17  Drone  
  14  0:31  Drone x2  
  14  0:34  Drone  
  17  0:52  Hatchery  
  17  0:55  Drone  
  17  1:02  Drone  
  18  1:10  Extractor  
  17  1:16  Spawning Pool  
  17  1:17  Drone  
  17  1:20  Drone  
  18  1:28  Drone  
  19  1:38  Overlord  
  19  1:50  Drone  
  20  2:02  Queen  
  20  2:03  Zergling x2  
  20  2:04  Queen  
  20  2:05  Drone  
  26  2:10  Metabolic Boost  
  26  2:15  Drone x2  
  28  2:23  Drone  
  28  2:28  Drone  
  30  2:43  Hatchery  
  29  2:46  Drone x3  
  32  2:53  Overlord  
  32  2:59  Spine Crawler  
  32  3:02  Zergling x2  
  32  3:03  Zergling x2  
  33  3:06  Baneling Nest  
  33  3:09  Zergling x4  
  34  3:16  Spine Crawler  
  33  3:20  Zergling x4  
  33  3:39  Zergling x12  
  35  3:55  Zergling x2  
  36  4:00  Zergling x2  
  36  4:01  Baneling x2  
  37  4:04  Queen  
  34  4:18  Zergling x2  
  34  4:19  Zergling x2  
  35  4:35  Hatchery  
  35  4:37  Drone  
  35  4:38  Drone  
  36  4:41  Lair  
  36  4:44  Extractor  
  35  4:55  Drone x2  
  35  5:12  Baneling x2  
  35  5:31  Drone x3  
  38  5:39  Spire  
  38  5:40  Drone  
  38  5:42  Extractor  
  37  5:44  Extractor  
  37  5:49  Drone  
  37  5:50  Drone x2  
  37  5:51  Drone x2  
  37  5:54  Drone  
  42  5:58  Drone  
  43  6:04  Drone  
  44  6:13  Overlord  
  44  6:17  Overlord  
  44  6:19  Overlord  
  44  6:20  Overlord  
  44  6:21  Hatchery  
  43  6:33  Drone x6  
  46  6:51  Mutalisk  
  46  6:52  Mutalisk  
  50  6:56  Mutalisk x2  
  50  7:00  Mutalisk x3  
  60  7:04  Zerg Flyer Weapons Level 1  
  60  7:09  Drone x3  
  63  7:20  Mutalisk x2  
  63  7:22  Drone x2  
  69  7:37  Drone  
  69  7:38  Drone x6  
  69  7:42  Hydralisk Den  
  75  7:47  Drone  
  75  7:50  Roach Warren  
  75  7:52  Drone x2, Evolution Chamber  
  76  8:01  Drone  
  76  8:02  Drone x4  
  81  8:14  Lurker Den  
  81  8:26  Drone x2  
  81  8:27  Drone  
  82  8:29  Overlord, Extractor  
  82  8:30  Overlord x2, Extractor  
  80  8:42  Overlord x4  
  80  8:45  Pneumatized Carapace  
  80  8:52  Glial Reconstitution  
  80  8:53  Zerg Missile Weapons Level 1  
  80  8:56  Evolution Chamber  
  81  9:02  Roach  
  81  9:03  Roach x9  
  99  9:16  Hydralisk  
  99  9:17  Hydralisk x3  
  99  9:20  Drone  
  108  9:30  Zerg Ground Armor Level 1  
  108  9:43  Lurker x4  
  108  9:45  Roach x9  
  128  10:02  Overlord x5  
  128  10:22  Roach  
  128  10:23  Roach x9  
  148  10:41  Hydralisk x3  
  154  10:43  Overlord x2  
  154  10:47  Hatchery  
  153  11:09  Zerg Missile Weapons Level 2  
  153  11:17  Unknown  
  153  11:18  Roach, Unknown  
  152  11:19  Roach x9  
  169  11:35  Overlord x2  
  169  11:36  Overlord x2  
  147  11:51  Hatchery  
  147  11:53  Roach  
  138  11:54  Roach x9  
  144  12:01  Lurker  
  144  12:02  Hydralisk, Lurker  
  144  12:06  Hydralisk x6  
  160  12:10  Spine Crawler  
  160  12:12  Spine Crawler  
  160  12:14  Unknown x2  
  158  12:33  Lurker  
  158  12:34  Lurker  
  158  12:36  Lurker  
  161  12:39  Roach x9  
  161  12:40  Roach x3  
  179  12:54  Roach  
  179  12:55  Roach x2  
  150  13:14  Roach  
  150  13:15  Roach x3  
  116  13:38  Hatchery  
  115  13:47  Roach  
  115  13:48  Roach x5  
  127  14:03  Roach  
  127  14:04  Roach  
  131  14:17  Roach x6  
  143  14:27  Unknown  
  97  14:46  Roach x6  
  109  14:59  Roach  
  111  15:00  Roach x2  
  115  15:14  Roach Warren  
  106  15:26  Hydralisk x2  
  106  15:27  Hydralisk x4  
Tags
 
Add a new tag
Caveats
  • Supply blocks, unpowered buildings, or Contaminate may cause inaccurate times.
  • Supply counts are checked every 10 seconds.